 Dungeon Crawl Stone Soup version 0.19-a0-1268-g6c5d9f8 (webtiles) character file.

21 AlphabetPasta the Vexing (level 2, -2/23 HPs)
             Began as a Ghoul Arcane Marksman on Aug 29, 2016.
             Slain by a quokka (3 damage)
             ... on level 2 of the Dungeon.
             The game lasted 00:06:10 (773 turns).

AlphabetPasta the Vexing (Ghoul Arcane Marksman)     Turns: 773, Time: 00:06:11

Health: -2/23      AC:  4    Str: 19    XL:     2   Next: 83%
Magic:  2/2        EV: 12    Int:  8    God:
Gold:   16         SH:  0    Dex:  8    Spells: 2 memorised, 0 levels left

rFire  . . .     SeeInvis .     a - +0 dagger
rCold  + . .     Gourm    .     e - +0 robe
rNeg   + + +     Faith    .     (no shield)
rPois  ∞         Spirit   .     (no helmet)
rElec  .         Dismiss  .     (no cloak)
rCorr  .         Reflect  .     (no gloves)
MR     .....     Harm     .     (no boots)
Stlth  +.........               l - amulet of inaccuracy (curse)
                                (no ring)
                                i - +2 ring of protection

@: mighty, rotting
A: rotting body, claws 1, carnivore 3, cold resistance 1, negative energy
resistance 3, slow regeneration 1, torment resistance, unbreathing
a: no special abilities


You were on level 2 of the Dungeon.
You were not hungry.

You visited 1 branch of the dungeon, and saw 2 of its levels.

You collected 16 gold pieces.

Inventory:

Hand Weapons
 a - a +0 dagger (weapon)
 b - a +0 hand crossbow
Missiles
 d - 5 bolts
Armour
 e - a +0 robe (worn)
Jewellery
 i - a +2 ring of protection (left claw)
 l - a cursed amulet of inaccuracy (around neck)
 m - an uncursed ring of poison resistance
Books
 c - a book of Debilitation

   Spells                             Type                      Level
   a - Corona                         Hexes                        1
   b - Slow                           Hexes                        2
   c - Gell's Gravitas                Hexes/Translocation          3
   d - Inner Flame                    Hexes/Fire                   3
   e - Cause Fear                     Hexes                        4
   f - Leda's Liquefaction            Hexes/Earth                  4
Comestibles
 f - 3 meat rations


   Skills:
 + Level 1.3 Fighting
 * Level 0.6 Short Blades
 * Level 2.0 Crossbows
 + Level 1.7 Dodging
 + Level 1.2 Stealth
 + Level 1.2 Spellcasting
 + Level 2.5 Hexes


You couldn't memorise any spells.
You knew the following spells:

 Your Spells              Type           Power        Failure   Level  Hunger
a - Corona                Hex            #......      17%         1    ##.....
b - Slow                  Hex            #.......     24%         2    ###....


Dungeon Overview and Level Annotations

Branches:
Dungeon (2/15)

Altars:


Innate Abilities, Weirdness & Mutations

Your body is rotting away.
You thrive on raw meat.
You are immune to poison.
You have sharp fingernails.
You are carnivorous and can eat meat at any time.
Your flesh is cold resistant. (rC+)
You are immune to negative energy. (rN+++)
You regenerate slowly when monsters are visible.
You are immune to unholy pain and torment.
You can survive without breathing.


Message History

The quokka bites you.
* * * LOW HITPOINT WARNING * * *
You closely miss the quokka.
The quokka is almost dead.
The rat completely misses you. The quokka barely misses you.
You closely miss the quokka.
The quokka is almost dead.
The rat misses you.
The quokka bites you but does no damage.
It was a potion of lignification.
You feel woody for a moment. The rat misses you.
The quokka bites you but does no damage.
You barely miss the quokka.
The quokka is almost dead.
The quokka bites you but does no damage.
The rat bites you but does no damage.
You closely miss the quokka.
The quokka is almost dead.
The quokka bites you.
You die...

... ..## ##
....# ..
.g#.. #>
.....# #(
###....##
#r##.......#
#.@r..%....#
####.......#
###...###
?..# .## .#
#


You could see a quokka and a rat.

Vanquished Creatures
  A giant cockroach (D:2)
  4 goblins (D:1)
  5 hobgoblins
  5 bats
  2 kobolds
  A rat (D:1)
18 creatures vanquished.

Notes
Turn   | Place    | Note
-------+----------+-------------------------------------------
     0 | D:1      | AlphabetPasta the Ghoul Arcane Marksman began the quest for the Orb.
     0 | D:1      | Reached XP level 1. HP: 16/16 MP: 1/1
   191 | D:1      | Reached XP level 2. HP: 23/23 MP: 2/2
   195 | D:1      | Learned a level 2 spell: Slow
   712 | D:2      | HP: 1/22 [hobgoblin/club (5)]
   714 | D:2      | Reached skill level 1 in Stealth
   768 | D:2      | HP: 1/23 [quokka (1)]
   773 | D:2      | Slain by a quokka

Vault maps used:
D:1:      scummos_arrival_simple_fountains, kennysheep_decorative_pillar
D:2:      first_bread, uniq_terence

Skill      XL: |  1  2 |
---------------+-------+-----
Crossbows      | 2 |  2.0
Stealth        | 1 |  1.2
Fighting       | |  1.3
Short Blades   | |  0.6
Dodging        | |  1.7
Spellcasting   | |  1.2
Hexes          | |  2.5

Action                   || total
-------------------------++-------
Melee: Dagger            ||    50
 Fire: Hand crossbow     ||    43
  Use: Scroll            ||     4
       Potion            ||     5
  Eat: Chunk             ||     9
Armor: Robe              ||    20
Dodge: Dodged            ||    67
